Map: Ulrena

Players

Borsalino

  • Race: Terran Terran
  • League: Silver

pupu - Winner!

  • Race: Protoss Protoss
  • League: Gold

VOD

Have the link to the VOD?

Description

Time

  • Played on: April 19, 2016, 9:50 a.m.
  • Length: 11:19
Show
View Real Time Build Order
Export as new Build Order

Borsalino Terran 

Build Orders: Command Center First (CC), MMM Bio 

Get SALT Encoding   

  12  0:01  SCV  
  13  0:13  SCV  
  14  0:18  Supply Depot  
  14  0:25  SCV  
  15  0:39  SCV  
  16  0:51  SCV  
  17  1:03  SCV  
  18  1:12  Command Center  
  18  1:15  SCV  
  18  1:28  SCV  
  18  1:31  Barracks  
  19  1:38  Barracks  
  19  1:40  SCV  
  20  1:52  SCV  
  20  1:53  Barracks  
  21  2:04  SCV  
  22  2:21  Orbital Command  
  22  2:25  Marine  
  22  2:28  Marine  
  24  2:36  Orbital Command  
  24  2:42  Marine  
  24  2:43  Marine  
  26  2:52  Refinery x2  
  26  2:53  Marine  
  26  2:56  SCV  
  28  3:00  Marine  
  28  3:03  Marine  
  30  3:07  SCV  
  30  3:08  SCV  
  32  3:16  Marine  
  32  3:18  Marine  
  32  3:19  SCV  
  35  3:21  SCV  
  35  3:22  Marine  
  37  3:27  Supply Depot  
  37  3:31  SCV  
  38  3:35  Barracks Tech Lab  
  38  3:37  Barracks Reactor  
  38  3:42  SCV  
  38  3:44  SCV  
  33  3:54  SCV  
  32  3:56  SCV  
  32  4:01  Marine  
  35  4:03  Marauder  
  35  4:06  SCV  
  37  4:17  Stimpack  
  37  4:21  Marine  
  38  4:38  Supply Depot  
  38  4:43  Marine x4, SCV x2  
  44  4:55  SCV x2  
  44  4:59  Factory  
  46  5:01  Marine x3  
  46  5:03  Supply Depot  
  46  5:06  Barracks  
  49  5:07  Marine, SCV x2  
  52  5:19  SCV  
  54  5:22  Barracks Reactor  
  54  5:25  Marauder  
  54  5:26  Supply Depot, SCV  
  54  5:27  Marine  
  57  5:32  SCV  
  58  5:38  SCV  
  58  5:40  Marine  
  60  5:44  SCV  
  60  5:45  Marine  
  60  5:47  Marauder  
  64  5:50  SCV  
  64  5:53  Starport  
  64  5:54  Factory Reactor  
  64  5:55  Barracks  
  64  5:56  SCV  
  66  5:58  Marine  
  66  6:02  SCV  
  63  6:06  Barracks  
  58  6:16  Marine  
  58  6:17  Marine x4  
  58  6:18  Marauder  
  47  6:34  Marine x2  
  47  6:35  Marine  
  47  6:36  SCV x2  
  47  6:39  Marauder  
  52  6:48  SCV  
  53  6:58  Refinery, SCV  
  53  6:59  Refinery, Marine x2  
  53  7:00  Marine, SCV  
  58  7:03  Medivac  
  60  7:10  SCV  
  60  7:12  SCV  
  62  7:17  Marine x3  
  62  7:18  Marauder  
  62  7:22  Barracks Tech Lab, SCV  
  68  7:28  Medivac  
  70  7:38  SCV  
  70  7:41  SCV  
  70  7:57  Supply Depot  
  70  7:59  Supply Depot  
  70  8:19  Marauder, Marine x5, SCV  
  78  8:21  SCV, Medivac  
  78  8:22  Supply Depot  
  81  8:31  SCV  
  81  8:33  SCV  
  73  8:36  Marine x5  
  73  8:40  Marine  
  79  8:43  SCV  
  79  8:45  SCV  
  80  8:54  Marine x2  
  80  8:55  Marauder  
  83  8:58  Marauder, Marine x2  
  83  8:59  Medivac  
  85  9:12  Marine x2  
  85  9:15  Marine x2, Medivac  
  85  9:16  Marauder  
  91  9:18  SCV x2  
  93  9:25  Supply Depot  
  93  9:29  Supply Depot  
  93  9:30  Marine  
  94  9:46  Marauder x2, Marine x3  
  94  9:48  Marine  
  94  9:51  SCV x2  
  104  9:56  Engineering Bay  
  104  9:57  Combat Shields  
  104  9:59  Concussive Shells  
  104  10:03  SCV x2  
  104  10:04  Marine  
  107  10:08  Marauder  
  107  10:11  Marine  
  107  10:13  Marine  
  110  10:14  Marine  
  110  10:15  SCV  
  110  10:16  SCV  
  110  10:18  Marauder  
  106  10:27  Marine, SCV  
  106  10:28  SCV  
  109  10:29  Marine  
  109  10:35  Supply Depot  
  110  10:40  Supply Depot  
  110  10:54  Marine  
  110  10:55  Marine, SCV x2  
  110  10:56  Marine x2  
  114  10:57  Marauder x2  
Show
View Real Time Build Order
Export as new Build Order

pupu Protoss - Winner!

Build Orders: Oracle Opening, Phoenix Opening 

Get SALT Encoding   

  12  0:01  Probe (Chrono Boost)  
  13  0:11  Probe (Chrono Boost)  
  14  0:19  Pylon  
  14  0:22  Probe (Chrono Boost)  
  15  0:37  Probe (Chrono Boost)  
  15  0:38  Gateway  
  16  0:44  Assimilator  
  16  0:48  Probe (Chrono Boost)  
  17  0:54  Assimilator  
  17  0:58  Probe (Chrono Boost)  
  18  1:09  Probe (Chrono Boost)  
  19  1:20  Probe (Chrono Boost)  
  20  1:27  Cybernetics Core  
  20  1:30  Probe (Chrono Boost)  
  21  1:34  Pylon  
  21  1:41  Probe (Chrono Boost)  
  22  1:55  Probe (Chrono Boost)  
  23  2:04  Stargate  
  23  2:08  Mothership Core (Chrono Boost)  
  25  2:11  Warp Gate (Chrono Boost)  
  25  2:20  Stalker  
  27  2:41  Nexus  
  27  2:46  Pylon  
  27  2:47  Probe  
  28  2:55  Oracle (Chrono Boost)  
  31  3:04  Probe  
  32  3:12  Gateway  
  32  3:16  Probe  
  33  3:23  Sentry  
  37  3:34  Phoenix (Chrono Boost)  
  37  4:03  Probe  
  37  4:05  Probe  
  39  4:11  Void Ray (Chrono Boost)  
  39  4:15  Gateway  
  39  4:17  Probe, Gateway  
  43  4:18  Probe  
  43  4:20  Gateway  
  45  4:26  Pylon  
  45  4:29  Probe  
  45  4:30  Probe  
  47  4:38  Zealot  
  49  4:45  Protoss Air Weapons Level 1  
  49  4:46  Probe  
  49  4:48  Probe  
  49  4:52  Pylon  
  51  5:00  Forge  
  51  5:04  Pylon  
  51  5:06  Probe  
  51  5:07  Probe  
  51  5:11  Pylon  
  51  5:12  Assimilator  
  51  5:13  Sentry  
  55  5:16  Zealot  
  57  5:22  Phoenix (Chrono Boost)  
  57  5:25  Probe  
  57  5:26  Probe  
  61  5:35  Probe, Gateway  
  61  5:38  Probe  
  61  5:41  Protoss Ground Weapons Level 1 (Chrono Boost)  
  63  5:45  Phoenix  
  59  6:14  Zealot x2  
  59  6:15  Zealot x3  
  57  6:33  Stalker  
  57  6:35  Stalker x2  
  57  6:36  Stalker x3  
  69  6:57  Oracle  
  72  7:02  Zealot x2  
  72  7:03  Zealot x4  
  84  7:47  Stalker  
  86  7:57  Pylon  
  86  7:59  Pylon  
  86  8:02  Pylon  
  86  8:03  Pylon  
  86  8:10  Pylon  
  86  8:13  Assimilator  
  86  8:14  Void Ray, Pylon  
  86  8:16  Pylon  
  90  8:20  Twilight Council, Protoss Ground Armor Level 1 (Chrono Boost)  
  90  8:22  Pylon  
  90  8:23  Probe  
  90  8:24  Pylon  
  90  8:25  Probe  
  92  8:27  Pylon  
  75  8:34  Zealot  
  75  8:35  Zealot x5  
  83  8:58  Zealot x4  
  83  8:59  Zealot x2  
  93  9:19  Probe  
  93  9:20  Probe  
  95  9:31  Zealot x3  
  95  9:32  Zealot x3  
  95  9:37  Charge (Chrono Boost)  
  107  9:52  Gateway  
  107  9:54  Gateway  
  107  9:55  Nexus  
  107  10:05  Dark Shrine  
  107  10:07  Zealot  
  107  10:08  Zealot  
  105  10:16  Zealot  
  105  10:17  Zealot  
  109  10:30  Photon Cannon  
  109  10:41  Photon Cannon  
  107  11:01  Stalker x5  
Tags
 
Add a new tag
Caveats
  • Supply blocks, unpowered buildings, or Contaminate may cause inaccurate times.
  • Supply counts are checked every 10 seconds.